 Dungeon Crawl Stone Soup version 0.30.0-10-gfe55d96785 (webtiles) character file.

Game seed: 851206514211867978

6160 croobank the Magician (level 10, -11/68 HPs)
             Began as a Gnoll Earth Elementalist on May 14, 2023.
             Was a Follower of Hepliaklqana.
             Killed from afar by a steam dragon (21 damage)
             ... with a ball of steam
             ... on level 9 of the Dungeon.
             The game lasted 01:21:42 (9206 turns).

croobank the Magician (Gnoll Earth Elementalist)    Turns: 9206, Time: 01:21:43

Health: -11/68     AC: 10    Str:  8    XL:     10   Next: 90%
Magic:  19/21      EV: 16    Int: 19    God:    Hepliaklqana [*.....]
Gold:   211        SH:  0    Dex: 16    Spells: 14/24 levels left

rFire   . . .        a - +3 short sword
rCold   . . .        (no shield)
rNeg    . . .        j - +1 robe
rPois   .            o - +0 helmet
rElec   .            (no cloak)
rCorr   .            i - +2 pair of gloves
SInv    +            l - +1 pair of boots
Will    .....        g - amulet of magic regeneration
Stlth   ++++         z - ring "Ynuatue" {Dex+4 SInv}
HPRegen 0.31/turn    (no ring)
MPRegen 0.57/turn

%: no passive effects
@: mighty, hasted, very quick
A: reduced essence, fangs 1, strong nose, distributed training
a: Renounce Religion, Recall Ancestor, Ancestor Identity


You were on level 9 of the Dungeon.
You worshipped Hepliaklqana.
Hepliaklqana was aware of your devotion.
You visited 2 branches of the dungeon, and saw 10 of its levels.
You also visited: Ossuary.

You collected 545 gold pieces.
You spent 334 gold pieces at shops.

Inventory:

Hand Weapons
 a - a +3 short sword (weapon)
 b - a +0 sling
 c - a +2 dagger of flaming
 v - a +0 long sword
 y - a +3 whip
 A - a +4 scimitar of freezing
 C - a +3 war axe of freezing
 D - a +0 trident
 E - a +0 shortbow
 F - a +0 lajatang
 G - a +2 whip of flaming
Missiles
 f - 28 poisoned darts
 u - 3 javelins
Armour
 i - a +2 pair of gloves (worn)
 j - a +1 robe (worn)
 l - a +1 pair of boots (worn)
 m - a +0 leather armour
 o - a +0 helmet (worn)
Jewellery
 g - an amulet of magic regeneration (around neck)
 z - the ring "Ynuatue" (left hand) {Dex+4 SInv}
   (You bought it in a shop on level 6 of the Dungeon)

   [ring of see invisible]

   Dex:       It affects your dexterity (+4).
   SInv:      It lets you see invisible.
 B - an amulet of reflection
Wands
 h - a wand of mindburst (12)
 x - a wand of roots (18)
Scrolls
 s - 3 scrolls of teleportation
 t - a scroll of magic mapping
Potions
 d - 2 potions of curing
 k - a potion of mutation
 n - a potion of magic
 p - a potion of haste
 q - 2 potions of attraction
 r - a potion of brilliance
 w - a potion of heal wounds {unknown}
 H - 3 potions of cancellation
 I - a potion of lignification {unknown}


   Skills:
 + Level 5.9 Fighting
 + Level 5.9 Short Blades
 + Level 5.9 Long Blades
 + Level 5.9 Axes
 + Level 5.9 Maces & Flails
 + Level 5.9 Polearms
 + Level 5.9 Staves
 + Level 5.9 Ranged Weapons
 + Level 5.9 Throwing
 + Level 5.9 Armour
 + Level 7.6 Dodging
 + Level 7.3 Stealth
 + Level 5.9 Shields
 + Level 5.9 Unarmed Combat
 + Level 7.8 Spellcasting
 + Level 4.9 Conjurations
 + Level 4.9 Hexes
 + Level 4.9 Summonings
 + Level 4.9 Necromancy
 + Level 4.9 Translocations
 + Level 5.4 Transmutations
 + Level 4.9 Fire Magic
 + Level 4.9 Ice Magic
 + Level 4.9 Air Magic
 + Level 7.4 Earth Magic
 + Level 4.9 Poison Magic
 + Level 6.5 Invocations
 + Level 5.9 Evocations


You had 14 spell levels left.
You knew the following spells:

 Your Spells              Type           Power      Damage    Failure   Level
a - Sandblast             Erth           70%        2d15      1%          1
b - Stone Arrow           Conj/Erth      62%        3d10      2%          3
c - Poisonous Vapours     Pois/Air       52%        N/A       1%          2
d - Petrify               Tmut/Erth      31%        N/A       7%          4

Your spell library contained the following spells:

 Spells                   Type           Power      Damage    Failure   Level
 Freeze                   Ice            100%       1d10      1%          1
 Sting                    Tmut/Pois      100%       1d8       1%          1
 Cigotuvi's Dreadful Rot  Necr/Pois/Air  52%        N/A       1%          2
 Ensorcelled Hibernation  Hex/Ice        52%        N/A       1%          2
 Lesser Beckoning         Tloc           52%        N/A       1%          2
 Passwall                 Tmut/Erth      25%        N/A       1%          2
 Frozen Ramparts          Ice            52%        1d8       3%          3
 Gell's Gravitas          Tloc           26%        N/A       3%          3
 Hailstorm                Conj/Ice       26%        3d7       3%          3
 Ignite Poison            Fire/Tmut/Pois 26%        N/A       3%          3
 Spider Form              Tmut/Pois      27%        N/A       3%          3
 Teleport Other           Tloc           26%        N/A       3%          3
 Anguish                  Hex/Necr       13%        N/A       12%         4
 Olgreb's Toxic Radiance  Pois           26%        N/A       12%         4
 Freezing Cloud           Conj/Ice/Air   13%        6-21      34%         5


Dungeon Overview and Level Annotations

Branches:
Dungeon (9/15)             Temple (1/1) D:5         Ossuary (visited)
   Lair: D:8-11         Orc: D:9-12

Altars:
Ashenzari
Cheibriados
Dithmenos
Elyvilon
Fedhas
Hepliaklqana
Kikubaaqudgha
Makhleb
Nemelex Xobeh
Okawaru
Qazlal
Ru
Sif Muna
Trog
Uskayaw
Vehumet
Wu Jian
Xom
Yredelemnul
The Shining One

Shops:
D:6 =


Innate Abilities, Weirdness & Mutations

Your life essence is reduced to manifest your ancestor. (-10% HP)
You have very sharp teeth.
Your uncanny sense of smell can sniff out nearby items.
Your experience applies equally to all skills.


Message History

The steam dragon closely misses Zolin.
The steam dragon claws Zolin but does no damage.
Zolin hits the steam dragon!
The wyvern is engulfed in a cloud of scalding steam.
The steam dragon closely misses Zolin.
The steam dragon claws Zolin.
The orc warrior hits Zolin with a +0 scimitar.
Zolin hits the orc warrior but does no damage.
The wyvern misses you.
You feel better.
The wyvern is engulfed in a cloud of scalding steam.
The wyvern bites you.
* * * LOW HITPOINT WARNING * * *
The steam dragon bites Zolin.
The steam dragon barely misses Zolin.
The orc warrior hits Zolin with a +0 scimitar!
Zolin misses the orc warrior.
Casting: Poisonous Vapours (safe; 1% risk of failure)
Confirm with . or Enter, or press ? or * to list all spells.
Aiming: Stone Arrow (dangerous; 2% risk of failure)
Press: ? - help, Shift-Dir - straight line, f - wyvern
Aim: a wyvern (heavily wounded, 74% to hit)
The stone arrow hits the wyvern!
You kill the wyvern!
A yak comes into view.
The orc warrior hits Zolin but does no damage.
The steam dragon bites Zolin.
The steam dragon barely misses Zolin.
Zolin hits the steam dragon.
Casting: Stone Arrow (dangerous; 2% risk of failure)
Confirm with . or Enter, or press ? or * to list all spells.
Aiming: Stone Arrow (dangerous; 2% risk of failure)
Press: ? - help, Shift-Dir - straight line, f - yak
Aim: a yak (84% to hit)
Okay, then.
You feel yourself speed up.
The orc warrior hits Zolin with a +0 scimitar!
Zolin is destroyed!
The yak gores you!
* * * LOW HITPOINT WARNING * * *
The steam dragon breathes steam at you. The ball of steam hits you!!
You die...

..... #).....#####
#..........# #......#
#.## #......###..# ##
#.........#.### ∆
...##........#.<.####
...........@.###....####
...(...<)..§...........#
#......).Y§Y.............
#..##.....§............##
. #....Do............#
#....†.............#
#.......)..........#
#.....†.Y..........#
#.....?#...#...#...#


You could see 3 yaks, a steam dragon (catching breath) and an orc warrior.

Vanquished Creatures
  2 two-headed ogres
  Pikel (D:7)
  A hornet (D:5)
  A wyvern (D:9)
  3 steam dragons
  An acid dragon (D:8)
  2 water moccasins (D:5)
  2 orc warriors (D:8)
  3 sky beasts
  3 ice beasts
  An ogre (D:6)
  A centaur (D:7)
  2 lemures (D:7)
  A phantom (D:5)
  A kobold brigand (D:7)
  4 bullfrogs
  3 elf zombies (Ossuary)
  3 necrophages (D:5)
  A scorpion (D:4)
  9 wights
  4 killer bees (D:7)
  A howler monkey (D:4)
  A bullfrog zombie (D:5)
  3 hounds
  A human zombie (D:4)
  An orc priest (D:5)
  2 jellies
  A gnoll bouda (D:7)
  2 iguanas
  An ancestor (D:7)
  A scorpion zombie (D:5)
  7 orc wizards
  5 hound zombies
  4 mummies (Ossuary)
  10 adders
  A shadow imp (D:7)
  2 ufetubi
  2 adder skeletons (D:3)
  A worm (D:3)
  3 dart slugs
  19 orcs
  3 bats
  7 endoplasms
  4 giant cockroaches
  A gnoll zombie (Ossuary)
  3 goblins
  6 hobgoblins
  6 jackals
  6 quokkas
  6 ball pythons
  A ball python skeleton (D:3)
  9 frilled lizards
  3 goblin zombies (Ossuary)
  2 hobgoblin zombies (Ossuary)
  13 kobolds
  A kobold zombie (Ossuary)
  An orc zombie (D:4)
  2 quokka zombies (D:3)
  13 rats
204 creatures vanquished.

Vanquished Creatures (collateral kills)
  An ice beast (D:7)
  A centaur (D:8)
  A bullfrog (D:8)
  A killer bee (D:9)
  2 orcs
  2 kobolds (D:9)
8 creatures vanquished.

Vanquished Creatures (others)
  A wizard (D:5)
  4 ancestors
5 creatures vanquished.

Grand Total: 217 creatures vanquished

Notes
Turn   | Place    | Note
-------+----------+-------------------------------------------
     0 | D:1      | croobank the Gnoll Earth Elementalist began the quest for
                  | the Orb.
     0 | D:1      | Reached XP level 1. HP: 13/13 MP: 6/6
   157 | D:1      | Reached XP level 2. HP: 19/19 MP: 5/7
   331 | D:1      | You fall into a shaft and drop 1 floor!
   667 | D:1      | Reached skill level 5 in Spellcasting
   667 | D:1      | Reached XP level 3. HP: 25/25 MP: 6/9
   712 | D:1      | Learned a level 3 spell: Stone Arrow
   875 | D:1      | Reached skill level 1 in Invocations
  1645 | D:2      | Reached skill level 1 in Fighting
  1645 | D:2      | Reached skill level 1 in Short Blades
  1645 | D:2      | Reached skill level 1 in Long Blades
  1645 | D:2      | Reached skill level 1 in Axes
  1645 | D:2      | Reached skill level 1 in Maces & Flails
  1645 | D:2      | Reached skill level 1 in Polearms
  1645 | D:2      | Reached skill level 1 in Staves
  1645 | D:2      | Reached skill level 1 in Ranged Weapons
  1645 | D:2      | Reached skill level 1 in Throwing
  1645 | D:2      | Reached skill level 1 in Armour
  1645 | D:2      | Reached skill level 1 in Shields
  1645 | D:2      | Reached skill level 1 in Unarmed Combat
  1645 | D:2      | Reached skill level 1 in Evocations
  2233 | D:3      | Reached XP level 4. HP: 28/32 MP: 9/11
  2397 | D:3      | Reached skill level 1 in Conjurations
  2397 | D:3      | Reached skill level 1 in Hexes
  2397 | D:3      | Reached skill level 1 in Summonings
  2397 | D:3      | Reached skill level 1 in Necromancy
  2397 | D:3      | Reached skill level 1 in Translocations
  2397 | D:3      | Reached skill level 1 in Fire Magic
  2397 | D:3      | Reached skill level 1 in Ice Magic
  2397 | D:3      | Reached skill level 1 in Air Magic
  2397 | D:3      | Reached skill level 1 in Poison Magic
  2747 | D:3      | Reached XP level 5. HP: 37/37 MP: 9/12
  3120 | D:3      | Found a shimmering blue altar of Sif Muna.
  3496 | D:4      | Reached skill level 5 in Dodging
  3496 | D:4      | Reached XP level 6. HP: 35/44 MP: 10/14
  3630 | D:4      | Found a sand-covered staircase.
  3652 | Ossuary  | Entered an ossuary
  3858 | Ossuary  | Reached XP level 7. HP: 33/51 MP: 15/15
  4095 | D:4      | Found a shadowy altar of Dithmenos.
  4117 | D:4      | Reached skill level 5 in Stealth
  4347 | D:5      | Entered Level 5 of the Dungeon
  4406 | D:5      | Found a staircase to the Ecumenical Temple.
  4415 | Temple   | Entered the Ecumenical Temple
  4634 | Temple   | Became a worshipper of Hepliaklqana the Forgotten
  4667 | D:5      | Learned a level 2 spell: Poisonous Vapours
  4668 | D:5      | Noticed a hornet
  4676 | D:5      | Killed a hornet
  4689 | D:5      | Reached XP level 8. HP: 51/58 MP: 9/16
  5068 | D:5      | Learned a level 4 spell: Petrify
  5153 | D:5      | Found a bloodstained altar of Trog.
  5157 | D:5      | Noticed a wizard
  5162 | D:5      | Killed a wizard
  5846 | D:5      | Found a blossoming altar of Fedhas.
  6203 | D:5      | Reached XP level 9. HP: 46/65 MP: 0/18
  6348 | D:6      | Noticed a two-headed ogre
  6366 | D:6      | Killed a two-headed ogre
  6535 | D:6      | Found Meddom's Jewellery Boutique.
  6686 | D:6      | Bought the ring "Ynuatue" {Dex+4 SInv} for 334 gold pieces
  6800 | D:6      | Reached skill level 5 in Invocations
  6816 | D:6      | Reached * piety under Hepliaklqana
  6830 | D:6      | Found a broken altar of Ashenzari.
  7244 | D:7      | Found a sparkling altar of Nemelex Xobeh.
  7253 | D:7      | Found a basalt altar of Yredelemnul.
  7280 | D:7      | Reached skill level 5 in Fighting
  7280 | D:7      | Reached skill level 5 in Short Blades
  7280 | D:7      | Reached skill level 5 in Long Blades
  7280 | D:7      | Reached skill level 5 in Axes
  7280 | D:7      | Reached skill level 5 in Maces & Flails
  7280 | D:7      | Reached skill level 5 in Polearms
  7280 | D:7      | Reached skill level 5 in Staves
  7280 | D:7      | Reached skill level 5 in Ranged Weapons
  7280 | D:7      | Reached skill level 5 in Throwing
  7280 | D:7      | Reached skill level 5 in Armour
  7280 | D:7      | Reached skill level 5 in Shields
  7280 | D:7      | Reached skill level 5 in Unarmed Combat
  7280 | D:7      | Reached skill level 5 in Evocations
  7280 | D:7      | Reached XP level 10. HP: 66/66 MP: 16/20
  7897 | D:8      | Noticed Pikel
  7981 | D:7      | Killed Pikel
  7982 | D:7      | Reached skill level 5 in Transmutations
  8193 | D:8      | Noticed a two-headed ogre
  8219 | D:8      | Killed a two-headed ogre
  8502 | D:8      | Found a stormy altar of Qazlal.
  9206 | D:9      | Killed from afar by a steam dragon

Illustrated notes

Levels and vault maps discovered:
D:1:      amcnicky_arrival_feature_with_door, layout_basic,
          minmay_misc_feat_square, minmay_rat_gold_closets
D:2:      layout_basic, grunt_decor_resistance, hangedman_decor_points
D:3:      kennysheep_big_flooded_room, layout_loops_cross,
          kennysheep_orc_sif_temple, serial_undead, serial_undead_d,
          serial_undead_c, serial_undead_a, serial_undead_f, serial_undead_e,
          serial_undead_c, minmay_strange_pillars, minmay_misc_feat_rugged
D:4:      layout_loops_ring, nicolae_overflow_crystal_walls, enter_ossuary_3
D:5:      layout_basic, fedhas_altar_decomposition, trog_wizard, temple_pool_b
D:6:      layout_basic, mainiacjoe_overflow_24_doors, serial_shops, shop,
          serial_glass, glass_columns_c, glass_columns_b, feat_on_display
D:7:      layout_rooms, nicolae_overflow_squiral
D:8:      layout_basic, mainiacjoe_overflow_small_starburst, minmay_crossroads,
          uniq_pikel
D:9:      layout_rooms, serial_shops, nicolae_shop_real_fake_doors,
          minmay_circle_x
Temple:   chequers_temple_sunken

Skill      XL: |  1  2  3  4  5  6  7  8  9 10 |
---------------+-------------------------------+-----
Transmutations | 2 3 4 5 |  5.4
Spellcasting   | 5 6 7 |  7.8
Invocations    | 1 2 3 4 5 6 |  6.5
Fighting       | 1 2 3 5 |  5.9
Short Blades   | 1 2 3 5 |  5.9
Long Blades    | 1 2 3 5 |  5.9
Axes           | 1 2 3 5 |  5.9
Maces & Flails | 1 2 3 5 |  5.9
Polearms       | 1 2 3 5 |  5.9
Staves         | 1 2 3 5 |  5.9
Ranged Weapons | 1 2 3 5 |  5.9
Throwing       | 1 2 3 5 |  5.9
Armour         | 1 2 3 5 |  5.9
Shields        | 1 2 3 5 |  5.9
Unarmed Combat | 1 2 3 5 |  5.9
Evocations     | 1 2 3 5 |  5.9
Conjurations   | 1 2 3 4 |  4.9
Hexes          | 1 2 3 4 |  4.9
Summonings     | 1 2 3 4 |  4.9
Necromancy     | 1 2 3 4 |  4.9
Translocations | 1 2 3 4 |  4.9
Fire Magic     | 1 2 3 4 |  4.9
Ice Magic      | 1 2 3 4 |  4.9
Air Magic      | 1 2 3 4 |  4.9
Poison Magic   | 1 2 3 4 |  4.9
Dodging        | 5 6 7 |  7.6
Stealth        | 5 6 7 |  7.3
Earth Magic    | 6 7 |  7.4

Action                     |  1- 3 |  4- 6 |  7- 9 | 10-12 || total
---------------------------+-------+-------+-------+-------++-------
  Melee: Unarmed           |     4 |       |       |       ||     4
         Short sword       |     3 |    30 |   207 |    51 ||   291
         Bite              |       |     3 |    33 |     8 ||    44
         Punch             |       |       |    11 |     3 ||    14
   Fire: Sling             |       |       |    14 |       ||    14
   Cast: Sandblast         |    46 |    53 |    26 |     9 ||   134
         Stone Arrow       |    10 |    25 |    56 |    58 ||   149
         Poisonous Vapours |       |       |    28 |    15 ||    43
         Petrify           |       |       |     1 |       ||     1
    Use: Scroll            |     5 |     7 |     7 |     3 ||    22
         Potion            |       |     3 |     2 |     7 ||    12
   Stab: Sleeping          |     4 |     5 |     7 |     3 ||    19
 Armour: Robe              |     2 |    28 |    56 |    36 ||   122
  Dodge: Dodged            |     6 |    38 |   125 |    92 ||   261
